 Dungeon Crawl Stone Soup version 0.23.2-30-g0e89c35649 (webtiles) character file.

Game seed: 17026998179402369097

210 fluffykins the Scratcher (level 5, 0/22 HPs)
             Began as a Felid Transmuter on June 15, 2019.
             Succumbed to a worker ant's poison
             ... on level 4 of the Dungeon.
             The game lasted 00:09:38 (4962 turns).

fluffykins the Scratcher (Felid Transmuter)         Turns: 4962, Time: 00:09:39

Health: 0/22       AC:  1    Str:  6    XL:     5   Next: 57%
Magic:  9/11       EV: 18    Int: 14    God:
Gold:   157        SH:  0    Dex: 18    Spells: 4/10 levels left
                                        Lives:  0   Deaths: 1

rFire    . . .     SeeInvis +     - Unarmed
rCold    . . .     Gourm    .   (shield unavailable)
rNeg     . . .     Faith    .   (armour unavailable)
rPois    .         Spirit   .   (helmet unavailable)
rElec    .         Reflect  .   (cloak unavailable)
rCorr    .         Harm     .   (gloves unavailable)
MR       .....                  (boots unavailable)
Stlth    +++++.....             (no amulet)
HPRegen  0.07/turn              b - ring of stealth
MPRegen  0.12/turn              l - ring of stealth

@: lethally poisoned (0 -> -8), appendage, quick
A: very small, no armour, no weapons or thrown items, stealth, claws 1, fangs 3,
horns 2, see invisible, carnivore, speed 1, shaggy fur 1, slow metabolism 1,
sharp paws
a: End Transformation


You were on level 4 of the Dungeon.
You were not hungry.
You had grown temporary horns.
You visited 1 branch of the dungeon, and saw 4 of its levels.

You collected 157 gold pieces.

Inventory:

Missiles
 a - 4 arrows
Jewellery
 b - a ring of stealth (left paw)
 l - a ring of stealth (right paw)
 n - a +1 ring of evasion
 p - a +3 ring of strength
Wands
 i - a wand of disintegration (15)
 o - a wand of paralysis (5)
Scrolls
 e - a scroll of identify {unknown}
 f - a scroll of fear {unknown}
 j - a scroll of blinking {unknown}
 k - 2 scrolls of remove curse {unknown}
 m - a scroll of random uselessness {unknown}
 q - a scroll of magic mapping {unknown}
 r - a scroll of teleportation {unknown}
Potions
 d - a potion of heal wounds {unknown}
 g - a potion of degeneration {unknown}
 h - a potion of mutation {unknown}
Comestibles
 c - 8 rations


   Skills:
 + Level 1.6 Fighting
 - Level 3.0 Dodging
 + Level 2.1 Stealth
 + Level 4.5 Unarmed Combat
 + Level 3.3 Spellcasting
 + Level 3.3 Transmutations
 * Level 1.8 Poison Magic


You had 4 spell levels left.
You knew the following spells:

 Your Spells              Type           Power        Failure   Level  Hunger
a - Beastly Appendage     Tmut           ##....       5%          1    #......
b - Sticks to Snakes      Tmut           ##......     8%          2    ##.....
c - Spider Form           Tmut/Pois      #.........   22%         3    ###....

Your spell library contained the following spells:

 Spells                   Type           Power        Failure   Level  Hunger
 Ice Form                 Ice/Tmut       #.......     71%         4    #####..
 Blade Hands              Tmut           ##........   82%         5    ######.


Dungeon Overview and Level Annotations

Branches:
Dungeon (4/15)
 Temple: D:4-7

Altars:
Yredelemnul

Annotations:
D:1 exclusion: downstairs
D:3 1 runed translucent door, caleiya's ghost, amateur GrEE


Innate Abilities, Weirdness & Mutations

You cannot wear armour.
You are incapable of wielding weapons or throwing items.
Your paws allow you to move quietly. (Stealth)
You have sharp claws.
You have razor-sharp teeth.
You have supernaturally acute eyesight. (SInv)
You are carnivorous and can eat meat at any time.
You cover ground quickly.
You are covered in fur. (AC +1)
You have a slow metabolism.
Your sharp claws are effective at attacking unaware monsters.
You have a pair of horns on your head.


Message History

You closely miss the worker ant. You headbutt the worker ant.
The worker ant is moderately wounded.
The orc closely misses you. The worker ant completely misses you.
You closely miss the worker ant.
The worker ant is moderately wounded.
The worker ant bites you.
You are poisoned.
The worker ant poisons you! The orc hits you with a +0 flail!
* * * LOW HITPOINT WARNING * * *
You are too injured to fight recklessly!
You are too injured to fight recklessly!
You are too injured to fight recklessly!
Casting: Beastly Appendage (safe; 5% risk of failure)
Confirm with . or Enter, or press ? or * to list all spells.
You extend your transformation's duration.
* * * LOW HITPOINT WARNING * * *
You feel sick. The worker ant closely misses you.
An adder comes into view.
The orc barely misses you.
You die...

......##.##.#
......##.##.# ####.
......##.##.# .....
..######.##.# ......
########.##.###..... #
................# ##.###
...###........####......
.........#.##.)......###
................@a......
.......#...##....o#.####
.......#...##......S..
.......#...##.#####....
.......#.#.#### #....
.#.###.#.#.# #... .#.# #
#.. .#.# #. ##.##


You could see a worker ant, an adder and an orc.

Vanquished Creatures
  2 scorpions (D:4)
  A bullfrog skeleton (D:4)
  A hound (D:4)
  An orc priest (D:4)
  Ijyb (D:3)
  3 adders
  An ooze (D:3)
  3 worms (D:2)
  2 orcs
  5 bats
  3 giant cockroaches
  6 hobgoblins
  8 jackals
  8 kobolds
  4 ball pythons (D:3)
  4 frilled lizards
  7 goblins
  6 rats
66 creatures vanquished.

Vanquished Creatures (collateral kills)
  A bat (D:2)
1 creature vanquished.

Grand Total: 67 creatures vanquished

Notes
Turn   | Place    | Note
-------+----------+-------------------------------------------
     0 | D:1      | fluffykins the Felid Transmuter began the quest for the
                  | Orb.
     0 | D:1      | Reached XP level 1. HP: 9/9 MP: 4/4
   824 | D:1      | Reached XP level 2. HP: 6/12 MP: 4/6
  1449 | D:1      | Learned a level 2 spell: Sticks to Snakes
  1778 | D:2      | Reached XP level 3. HP: 4/15 MP: 0/7
  2427 | D:1      | Learned a level 3 spell: Spider Form
  2783 | D:3      | Noticed Ijyb
  2826 | D:3      | Paralysed by Ijyb for 2 turns
  2833 | D:3      | Paralysed by Ijyb for 3 turns
  2849 | D:3      | Paralysed by Ijyb for 5 turns
  2856 | D:3      | Paralysed by Ijyb for 5 turns
  2862 | D:3      | Killed Ijyb
  2862 | D:3      | Reached skill level 1 in Stealth
  2862 | D:3      | Reached XP level 4. HP: 7/19 MP: 5/9
  3329 | D:3      | Found a runed translucent door.
  3542 | D:3      | Reached skill level 4 in Unarmed Combat
  3799 | D:3      | Noticed caleiya's ghost (amateur GrEE)
  3952 | D:4      | Found a basalt altar of Yredelemnul.
  3970 | D:4      | Reached skill level 1 in Poison Magic
  3970 | D:4      | Reached XP level 5. HP: 22/22 MP: 8/10
  4187 | D:4      | Slain by a centaur skeleton
  4188 | D:4      | Reached XP level 4. HP: -1/19 MP: 7/9
  4295 | D:4      | Reached XP level 5. HP: 13/22 MP: 10/10
  4961 | D:4      | HP: 1/22 [poisoned by a worker ant]
  4962 | D:4      | Succumbed to a worker ant's poison

Skill      XL: |  1  2  3  4  5 |
---------------+----------------+-----
Dodging        | 3 |  3.0
Stealth        | 1 2 |  2.1
Unarmed Combat | 4 |  4.5
Spellcasting   | 3 |  3.3
Transmutations | 3 |  3.3
Poison Magic   | 1 |  1.8
Fighting       | |  1.6

Action                   |  1- 3 |  4- 6 || total
-------------------------+-------+-------++-------
Melee: Unarmed           |   130 |    80 ||   210
       Bite              |    13 |     5 ||    18
       Headbutt          |    20 |    10 ||    30
       Punch             |     1 |     2 ||     3
 Cast: Beastly Appendage |    25 |    18 ||    43
       Sticks to Snakes  |     6 |     2 ||     8
 Stab: Sleeping          |     3 |     5 ||     8
       Distracted        |     1 |       ||     1
  Eat: Chunk             |    12 |     4 ||    16
Armor: Skin              |    11 |     3 ||    14
Dodge: Dodged            |   100 |    85 ||   185
